 Dungeon Crawl Stone Soup version 0.20.0-15-g7f486f2 (webtiles) character file.

67080 McKennaii the Bludgeoner (level 14, -1/132 HPs)
             Began as a Minotaur Fighter on June 11, 2017.
             Was the Champion of the Shining One.
             Slain by a wolf spider (9 damage)
             ... on level 3 of the Lair of Beasts on June 13, 2017.
             The game lasted 00:58:15 (24768 turns).

McKennaii the Bludgeoner (Minotaur Fighter)        Turns: 24768, Time: 00:58:15

Health: -1/132     AC: 21    Str: 24    XL:     14   Next: 81%
Magic:  12/16      EV:  9    Int:  1    God:    the Shining One [******]
Gold:   1454       SH: 14    Dex: 12    Spells: 13/13 levels left

rFire    + . .     SeeInvis .   X - +2 mace (protect)
rCold    + + +     Gourm    .   c - +0 shield
rNeg     + + +     Faith    .   Q - +2 plate armour {MR+}
rPois    .         Spirit   .   (helmet restricted)
rElec    .         Reflect  .   l - scarf {rC+ rF+}
rCorr    .         Harm     .   Y - +0 pair of gloves of Free Will {rC+ Int-4 Slay+3}
MR       ++...                  K - +0 pair of boots
Stlth    ..........             W - amulet of regeneration
Regen    0.8/turn               v - ring of protection from cold
MPRegen  0.2/turn               C - +2 ring of slaying

@: lethally poisoned (-1 -> -15), about to teleport, glowing
A: retaliatory headbutt, horns 2
a: Divine Shield, Cleansing Flame, Summon Divine Warrior, Brand Weapon With Holy
Wrath, Renounce Religion


You were on level 3 of the Lair of Beasts.
You worshipped the Shining One.
The Shining One was exalted by your worship.
You were not hungry.

You visited 4 branches of the dungeon, and saw 23 of its levels.
You also visited: Ice Cave.

You collected 1454 gold pieces.

Inventory:

Hand Weapons
 X - a +2 mace of protection (weapon)
Armour
 c - a +0 shield (worn)
 l - a scarf of resistance (worn)
 K - a +0 pair of boots (worn)
 Q - a +2 plate armour of magic resistance (worn)
 Y - the +0 pair of gloves of Free Will (worn) {rC+ Int-4 Slay+3}
   (You found it on level 14 of the Dungeon)

   It affects your intelligence (-4).
   It affects your accuracy and damage with ranged weapons and melee attacks
   (+3).
   It protects you from cold.
Jewellery
 v - a ring of protection from cold (left hand)
 y - an uncursed ring of flight
 C - a +2 ring of slaying (right hand)
 V - an uncursed ring of resist corrosion
 W - an amulet of regeneration (around neck)
Wands
 b - a wand of iceblast (1/15)
 m - a wand of flame (35/48)
Scrolls
 i - 5 scrolls of recharging
 j - 5 scrolls of fog
 n - 6 scrolls of remove curse
 o - 5 scrolls of identify
 p - a scroll of enchant weapon
 r - 2 scrolls of fear
 w - 3 scrolls of enchant armour
 A - a scroll of summoning {unknown}
 B - 3 scrolls of vulnerability {unknown}
 D - 5 scrolls of teleportation
 I - 3 scrolls of magic mapping
 L - a scroll of holy word {unknown}
 N - 2 scrolls of immolation {unknown}
 T - 2 scrolls of brand weapon
 Z - a scroll of acquirement
Potions
 d - a potion of might
 g - 7 potions of flight
 q - 8 potions of curing
 u - a potion of berserk rage
 x - a potion of haste {unknown}
 z - a potion of resistance {unknown}
 F - 2 potions of magic
 H - 2 potions of agility
 J - a potion of cancellation {unknown}
 O - a potion of ambrosia {unknown}
 P - 2 potions of heal wounds {unknown}
 R - 3 potions of brilliance {unknown}
Comestibles
 f - 9 bread rations
 h - 6 meat rations
 k - 13 royal jellies
 E - 11 fruits


   Skills:
 + Level 14.1 Fighting
 + Level 16.1 Maces & Flails
 + Level 13.9 Armour
 + Level 4.5 Dodging
 + Level 1.5 Stealth
 + Level 16.0 Shields
 * Level 4.3 Invocations
 + Level 1.2 Evocations


You had 13 spell levels left.
You didn't know any spells.

Dungeon Overview and Level Annotations

Branches:
Dungeon (15/15)            Temple (1/1) D:7            Lair (6/6) D:9
 Shoals (0/4) Lair:2       Spider (1/4) Lair:3        Slime (0/5) Lair:6
    Orc (0/2) D:12         Vaults (0/5) D:14
 Depths: D:15

Altars:
Ashenzari
Cheibriados
Dithmenos
Gozag
Hepliaklqana
Kikubaaqudgha
Makhleb
Nemelex Xobeh
Okawaru
Ru
Trog
Uskayaw
Vehumet
Yredelemnul
Zin
The Shining One
Beogh

Shops:
D:4 =[[(   D:9 :


Innate Abilities, Weirdness & Mutations

You reflexively headbutt those who attack you in melee.
You have a pair of horns on your head.


Message History

You are confused.
The tarantella bites you but does no damage.
The wolf spider hits you but does no damage.
The wolf spider barely misses you.
The wolf spider hits you but does no damage.
The wolf spider bites you but does no damage.
The tarantella bites you but does no damage. x2
You're too confused!
You feel better.
The wolf spider hits you but does no damage.
The wolf spider bites you.
* * * LOW HITPOINT WARNING * * *
You are poisoned.
The wolf spider poisons you! The wolf spider hits you!
* * * LOW HITPOINT WARNING * * *
The wolf spider bites you but does no damage.
The tarantella bites you but does no damage. x2
The wolf spider hits you but does no damage.
The wolf spider bites you!
You die...

....#.######....###P.#.......#.#.
.................................
.................................
.................................
.................................
.................P#####..........
...#..#..#P.####### #......##.#
..##....########.######......####
...#.......##.'s@s'.##.......##.#
...#......##..≈ss.≈..##......#...
..........###.≈≈≈≈≈..##..........
..##......##...≈#≈≈.###......##..
...###.##.###...#^#.#.^........#.
.....#.(#...#..###.###.......####
............#.^.#...#........#.P#
...........^..#..................
............^###.................


You could see 2 wolf spiders and 2 tarantellas.

Vanquished Creatures
  Frances (D:12)
  The ghost of soberaf the Severer, a journeyman HOHu of Uskayaw (D:11)
  6 hydras
  4 centaur warriors
  2 two-headed ogres
  The ghost of Reinor the Thaumaturge, a journeyman SpEE of Vehumet (D:11)
  A death knight (D:13)
  A tengu warrior (D:14)
  A skeletal warrior (D:13)
  An unseen horror (D:15)
  A wizard (D:15)
  A deep elf archer (D:14)
  A lindwurm (Lair:6)
  An orc knight (D:15)
  2 orb spiders
  4 manticores
  3 deep elf magi (D:14)
  5 ugly things
  A cyclops (D:13)
  3 ice statues (IceCv)
  5 black mambas
  2 molten gargoyles (Lair:6)
  4 gargoyles
  8 spiny frogs
  A centaur zombie (D:14)
  Psyche (D:11)
  6 centaur skeletons
  2 yaktaurs (D:14)
  A kobold demonologist (D:11)
  2 rime drakes
  12 komodo dragons
  3 trolls
  A tengu conjurer (D:14)
  3 polar bears (Lair:5)
  A hornet (shapeshifter) (D:14)
  3 meliai (D:15)
  16 slime creatures
  4 blink frogs (Lair:2)
  2 hornets
  A raiju (Lair:6)
  14 hippogriffs
  2 shadows
  2 centaur simulacra (D:12)
  3 vampires
  7 wyverns
  43 yaks
  3 wraiths
  5 basilisks
  2 hungry ghosts
  Menkaure (D:4)
  A steam dragon (Lair:6)
  5 vampire mosquitoes
  5 acid dragons
  4 soldier ants
  Duvessa (D:5)
  9 water moccasins
  7 porcupines
  3 hell hounds (Lair:6)
  11 ice beasts
  9 orc warriors
  3 black bears
  A hornet zombie (D:8)
  An eye of draining (D:11)
  4 phantoms
  A sky beast (D:7)
  A necrophage (D:12)
  7 ogres
  9 wolves
  9 centaurs
  9 crocodiles
  4 big kobolds
  21 bullfrogs
  Dowan (D:5)
  2 wyvern skeletons
  10 killer bees
  4 scorpions
  2 howler monkeys (D:7)
  7 electric eels
  7 crimson imps
  4 lava snakes (Lair:6)
  A bullfrog zombie (D:6)
  8 orc priests
  5 jellies
  9 orc wizards
  Crazy Yiuf (D:7)
  A wyvern simulacrum (D:12)
  2 bullfrog skeletons
  5 hounds
  An iguana (D:9)
  6 hell rats (Lair:5)
  10 worker ants
  2 killer bee zombies
  The ghost of dscm the Digger, a weakling OpEE (D:4)
  2 hound skeletons (D:6)
  2 howler monkey skeletons
  10 adders
  3 gnolls (D:6)
  3 shadow imps
  14 white imps (D:12)
  An ufetubus (D:12)
  19 oozes
  An adder skeleton (D:7)
  An adder zombie (D:8)
  2 worms (D:3)
  2 leopard geckos
  58 orcs
  2 ball pythons
  7 giant cockroaches
  8 goblins
  6 hobgoblins
  23 kobolds
  4 quokkas
  8 bats
  8 frilled lizards
  2 giant cockroach zombies (D:5)
  A quokka skeleton (D:7)
  7 rats
  A fungus (Lair:6)
  2 plants (Lair:4)
612 creatures vanquished.

Vanquished Creatures (collateral kills)
  A fire dragon (Lair:6)
1 creature vanquished.

Vanquished Creatures (others)
  A leopard gecko (D:9)
  2 orcs (D:11)
  22 fungi
  5 plants
30 creatures vanquished.

Grand Total: 643 creatures vanquished

Notes
Turn   | Place    | Note
-------+----------+-------------------------------------------
     0 | D:1      | McKennaii the Minotaur Fighter began the quest for the Orb.
     0 | D:1      | Reached XP level 1. HP: 19/19 MP: 0/0
   123 | D:1      | Reached XP level 2. HP: 23/27 MP: 1/1
   921 | D:2      | Reached XP level 3. HP: 32/33 MP: 2/2
  1884 | D:3      | Reached skill level 1 in Dodging
  1884 | D:3      | Reached XP level 4. HP: 28/40 MP: 3/3
  2172 | D:3      | Found a radiant altar of Vehumet.
  2176 | D:3      | Reached XP level 5. HP: 35/46 MP: 4/4
  2183 | D:3      | HP: 2/46 [something/puff of flame (2)]
  2791 | D:3      | Reached skill level 5 in Armour
  3113 | D:4      | Found Ehiho's Armour Shop.
  3204 | D:4      | Found Koute's Jewellery Emporium.
  3209 | D:4      | Noticed Menkaure
  3222 | D:4      | Killed Menkaure
  3222 | D:4      | Reached skill level 5 in Shields
  3222 | D:4      | Reached XP level 6. HP: 8/53 MP: 5/5
  3572 | D:4      | Reached skill level 5 in Maces & Flails
  3953 | D:4      | Found Maskog's Armour Shop.
  3956 | D:4      | Found Jocs's Weapon Emporium.
  4002 | D:4      | Noticed dscm's ghost (weakling OpEE)
  4009 | D:4      | Killed dscm's ghost
  4027 | D:4      | Reached XP level 7. HP: 59/60 MP: 6/6
  4209 | D:5      | Entered Level 5 of the Dungeon
  4909 | D:5      | Noticed Dowan
  4910 | D:5      | Noticed Duvessa
  4918 | D:5      | Killed Duvessa
  4918 | D:5      | Reached skill level 5 in Fighting
  4931 | D:5      | Killed Dowan
  5190 | D:6      | Reached XP level 8. HP: 68/68 MP: 7/7
  5602 | D:6      | Noticed a slime creature
  6575 | D:7      | Found a staircase to the Ecumenical Temple.
  6584 | Temple   | Entered the Ecumenical Temple
  6722 | Temple   | Became a worshipper of the Shining One
  7322 | D:7      | Found a basalt altar of Yredelemnul.
  7329 | D:7      | Reached XP level 9. HP: 75/75 MP: 8/8
  7712 | D:7      | Found a runed door.
  7971 | D:7      | Noticed Crazy Yiuf
  7975 | D:7      | Killed Crazy Yiuf
  8102 | D:8      | Reached * piety under the Shining One
  8111 | D:8      | Reached skill level 1 in Stealth
  8457 | D:8      | Found a roughly hewn altar of Beogh.
  8466 | D:8      | Reached skill level 10 in Maces & Flails
  9056 | D:9      | Found a staircase to the Lair.
  9060 | D:9      | Reached ** piety under the Shining One
  9067 | D:9      | Reached XP level 10. HP: 63/88 MP: 9/9
  9315 | D:9      | Noticed a two-headed ogre
  9333 | D:9      | Killed a two-headed ogre
 10846 | D:9      | Found Doekluo's Book Shoppe.
 10989 | D:10     | Entered Level 10 of the Dungeon
 11504 | D:10     | Reached *** piety under the Shining One
 11523 | D:10     | Reached skill level 10 in Armour
 11523 | D:10     | Reached XP level 11. HP: 61/95 MP: 10/10
 12029 | D:11     | Noticed a green ugly thing
 12040 | D:11     | Killed a green ugly thing
 12193 | D:11     | Noticed soberaf's ghost (journeyman HOHu)
 12231 | D:11     | Killed soberaf's ghost
 12231 | D:11     | Reached skill level 10 in Shields
 12576 | D:11     | Noticed Psyche
 12590 | D:11     | Killed Psyche
 12748 | D:11     | Reached skill level 10 in Fighting
 12753 | D:11     | Reached **** piety under the Shining One
 12814 | D:11     | Noticed Reinor's ghost (journeyman SpEE)
 12859 | D:11     | Killed Reinor's ghost
 13331 | D:12     | Found a frozen archway.
 13334 | D:12     | Reached ***** piety under the Shining One
 13369 | D:12     | Found a staircase to the Orcish Mines.
 13373 | IceCv    | Entered an ice cave
 13384 | IceCv    | Reached XP level 12. HP: 102/107 MP: 11/11
 14344 | D:12     | Noticed Frances
 14368 | D:12     | Killed Frances
 15010 | D:13     | Paralysed by a hornet for 3 turns
 15058 | D:13     | Noticed a death knight
 15073 | D:13     | Killed a death knight
 15314 | D:13     | Noticed a two-headed ogre
 15326 | D:13     | Killed a two-headed ogre
 15326 | D:13     | Reached skill level 1 in Evocations
 15602 | D:13     | Noticed a centaur warrior
 15646 | D:13     | Killed a centaur warrior
 16342 | D:13     | Reached XP level 13. HP: 113/117 MP: 12/12
 16738 | D:14     | Found an iron altar of Okawaru.
 16881 | D:14     | Reached skill level 15 in Maces & Flails
 17170 | D:14     | Paralysed by a hornet for 3 turns
 17268 | D:14     | Found a gate to the Vaults.
 17269 | D:14     | Reached ****** piety under the Shining One
 17614 | D:14     | Got a pair of ichor-stained gloves
 17625 | D:14     | Identified the +0 pair of gloves of Free Will {rC+ Int-4 Slay+3} (You found it on level 14 of the Dungeon)
 17746 | D:15     | Entered Level 15 of the Dungeon
 17804 | D:15     | Found a snail-covered altar of Cheibriados.
 18742 | D:15     | Noticed a fire dragon
 19100 | Lair:1   | Entered Level 1 of the Lair of Beasts
 19262 | Lair:1   | Reached skill level 15 in Shields
 19732 | Lair:1   | Reached XP level 14. HP: 129/129 MP: 13/13
 19920 | Lair:2   | Found a staircase to the Shoals.
 21034 | Lair:3   | Found a hole to the Spider Nest.
 21632 | Lair:4   | Reached skill level 1 in Invocations
 22018 | Lair:4   | Identified a scroll of acquirement
 23297 | Lair:6   | Entered Level 6 of the Lair of Beasts
 23567 | Lair:6   | Found a staircase to the Slime Pits.
 23991 | Lair:6   | Found a large runed door.
 24049 | Lair:6   | Found a large runed door.
 24746 | Spider:1 | Entered Level 1 of the Spider Nest
 24768 | Lair:3   | Slain by a wolf spider

Skill      XL: |  1  2  3  4  5  6  7  8  9 10 11 12 13 14 |
---------------+-------------------------------------------+-----
Armour         | 4 5 6 7 8 10 11 12 13 | 13.9
Fighting       | 4 5 6 7 8 10 11 13 14 | 14.1
Shields        | 4 5 6 8 9 11 13 15 16 | 16.0
Maces & Flails | 3 4 5 7 9 11 12 14 15 16 | 16.1
Dodging        | 1 2 3 4 |  4.5
Stealth        | 1 |  1.5
Evocations     | 1 |  1.2
Invocations    | 4 |  4.3

Action                   |  1- 3 |  4- 6 |  7- 9 | 10-12 | 13-15 || total
-------------------------+-------+-------+-------+-------+-------++-------
Melee: Flail             |   124 |   112 |   474 |  1013 |    76 ||  1799
       Headbutt          |    15 |    10 |    93 |   257 |   242 ||   617
       Mace              |       |       |       |       |   873 ||   873
Invok: Divine Shield     |       |       |       |       |     2 ||     2
       Cleansing Flame   |       |       |       |       |     1 ||     1
       Summon Divine War |       |       |       |       |     1 ||     1
Evoke: Wand              |       |       |       |     8 |     6 ||    14
  Use: Scroll            |       |       |       |     9 |    14 ||    23
       Potion            |       |       |       |     2 |     5 ||     7
  Eat: Chunk             |     3 |     7 |    15 |    22 |    28 ||    75
       Royal jelly       |       |       |     1 |     1 |       ||     2
       Fruit             |       |       |       |     3 |     1 ||     4
Armor: Scale mail        |    50 |    30 |    41 |       |       ||   121
       Plate armour      |       |       |   129 |   416 |   419 ||   964
Dodge: Dodged            |    51 |    36 |   113 |   206 |   218 ||   624
Block: Shield            |    75 |    57 |   221 |   509 |   573 ||  1435
